 Dungeon Crawl Stone Soup version 0.27.1-34-g3ba077fa99 (webtiles) character file.

Game seed: 15589797335948717750

234 ticklebelly the Chopper (level 5, -1/48 HPs)
             Began as a Minotaur Berserker on Jan 3, 2022.
             Was a Believer of Trog.
             Succumbed to an orc wizard's poison
             ... on level 2 of the Dungeon.
             The game lasted 00:02:50 (2059 turns).

ticklebelly the Chopper (Minotaur Berserker)        Turns: 2059, Time: 00:02:51

Health: -1/48      AC:  7    Str: 23    XL:     5   Next: 75%
Magic:  4/4        EV: 11    Int:  4    God:    Trog [**....]
Gold:   59         SH:  0    Dex:  9    Spells: 4/4 levels left

rFire    . . .     SeeInvis .   a - +0 hand axe
rCold    . . .     Faith    .   (no shield)
rNeg     . . .     Spirit   .   k - +0 scale mail
rPois    .         Reflect  .   (helmet restricted)
rElec    .         Harm     .   (no cloak)
rCorr    .         Rampage  .   (no gloves)
Will     .....                  (no boots)
Stlth    ..........             (no amulet)
HPRegen  0.16/turn              (no ring)
MPRegen  0.09/turn              (no ring)

@: confused, lethally poisoned (-1 -> -14)
A: horns 2, retaliatory headbutt
a: Renounce Religion, Berserk, Trog's Hand


You were on level 2 of the Dungeon.
You worshipped Trog.
Trog was pleased with you.
You visited 1 branch of the dungeon, and saw 3 of its levels.

You collected 59 gold pieces.

Inventory:

Hand Weapons
 a - a +0 hand axe (weapon)
Armour
 k - a +0 scale mail (worn)
Scrolls
 c - a scroll of magic mapping {unknown}
 g - a scroll of summoning {unknown}
 h - 4 scrolls of holy word {unknown}
 j - a scroll of blinking {unknown}
Potions
 b - 2 potions of curing {unknown}
 d - a potion of brilliance {unknown}
 e - 2 potions of haste {unknown}
 i - a potion of attraction {unknown}


   Skills:
 + Level 5.0 Fighting
 + Level 5.0 Axes
 + Level 4.1 Armour
 + Level 3.7 Dodging


You had 4 spell levels left.
You didn't know any spells.
Your spell library was empty.

Dungeon Overview and Level Annotations

Branches:
Dungeon (3/15)

Altars:


Innate Abilities, Weirdness & Mutations

You have a pair of horns on your head.
You reflexively headbutt those who attack you in melee.


Message History

The orc priest mumbles some strange prayers to Beogh against you.
Beogh smites you! Something hits you.
You are more poisoned.
You feel sick. Something hits you but does no damage.
You feel sick.
The orc priest mumbles some strange prayers to Beogh against you.
Something writhes in agony.
You feel sick.
You feel sick.
You feel sick.
You feel sick.
There is a stone staircase leading up here.
You feel sick.
You climb upwards.
Reactivating autopickup.
You feel sick.
You are no longer poisoned.
There is a stone staircase leading down here.
There is a strange disturbance nearby!
Deactivating autopickup; reactivate with Ctrl-A.
You miss something. Your headbutt misses something. Something hits you.
You are poisoned.
You miss something.
You feel sick. Something hits you.
* * * LOW HITPOINT WARNING * * *
You are lethally poisoned!
You hear some strange, mumbled words.
You are confused.
You're too confused to move!
* * * LOW HITPOINT WARNING * * *
You feel very sick. Something hits you but does no damage.
You are more poisoned.
You are too confused!
You bump into the rock wall.
* * * LOW HITPOINT WARNING * * *
You feel very sick. Something hits you.
* * * LOW HITPOINT WARNING * * *
You closely miss something.
You die...

.#.......# #.###.###.# ###(....##
##..####.# #.###.###.# ##...##
#......#.# #...[.....# ##.##
.#..##.#.# #####.##### #.#
....##.#.# ##.## ####.#
##.###.#.# #...#######≈#.+##
#.......# #.<......##≈≈...##
#####.### #...####.##≈.....##
##.#.# #.@.(###.##....≈≈≈#
###....########{#...##.#.......≈≈
.......................'.........
###...#########.#...####....≈≈...
##..# #....## ##..≈≈..≈≈ ##.#
#....# #.≈≈...≈# #.### #.####
#.....#≈# #...# #.# ####+####
###.# #.# #.#


There were no monsters in sight!

Vanquished Creatures
  Sigmund (D:2)
  An orc wizard (D:3)
  An adder (D:2)
  3 worms (D:2)
  A ball python (D:1)
  5 bats
  3 endoplasms
  3 giant cockroaches (D:1)
  4 goblins
  2 hobgoblins (D:2)
  2 kobolds (D:1)
  2 frilled lizards
  A rat (D:2)
29 creatures vanquished.

Notes
Turn   | Place    | Note
-------+----------+-------------------------------------------
     0 | D:1      | ticklebelly the Minotaur Berserker began the quest for the
                  | Orb.
     0 | D:1      | Reached XP level 1. HP: 19/19 MP: 0/0
   361 | D:1      | Found a faded altar of an unknown god.
   554 | D:1      | Reached XP level 2. HP: 27/27 MP: 1/1
  1167 | D:2      | Noticed Sigmund
  1179 | D:2      | Killed Sigmund
  1180 | D:2      | Reached XP level 3. HP: 35/35 MP: 2/2
  1180 | D:2      | Reached XP level 4. HP: 41/41 MP: 3/3
  1180 | D:2      | Reached XP level 5. HP: 47/47 MP: 4/4
  1557 | D:2      | Reached ** piety under Trog
  2046 | D:3      | Reached skill level 5 in Fighting
  2046 | D:3      | Reached skill level 5 in Axes
  2058 | D:2      | HP: 2/48 [something (3)]
  2059 | D:2      | Succumbed to an orc wizard's poison

Illustrated notes

Levels and vault maps discovered:
D:1:      dpeg_arrival_orchard, layout_basic,
          ebering_ecumenical_altar_sacrificial
D:2:      layout_loops_corners, dk_noncrumbling_2, kennysheep_big_empty_room,
          chequers_serial_rivers_small_b, uniq_sigmund
D:3:      layout_loops_corners, mainiacjoe_overflow_six_doors_small,
          lemuel_coloured_pillars_altar

Skill      XL: |  1  2  3  4  5 |
---------------+----------------+-----
Axes           | 4 5 |  5.0
Fighting       | 4 5 |  5.0
Armour         | 4 |  4.1
Dodging        | 3 |  3.7

Action                   |  1- 3 |  4- 6 || total
-------------------------+-------+-------++-------
Melee: Hand axe          |    41 |    34 ||    75
       Headbutt          |     9 |     5 ||    14
Invok: Berserk           |     1 |       ||     1
Armor: Animal skin       |     3 |       ||     3
       Leather armour    |    10 |     2 ||    12
       Scale mail        |       |     5 ||     5
Dodge: Dodged            |    24 |    14 ||    38
